 Dungeon Crawl Stone Soup version 0.21.1-1-g345015f (webtiles) character file.

61 Mirai the Digger (level 4, 0/24 HPs)
             Began as a Gargoyle Earth Elementalist on Feb 27, 2018.
             Slain by bmj180's ghost (4 damage)
             ... on level 3 of the Dungeon.
             The game lasted 00:05:59 (1380 turns).

Mirai the Digger (Gargoyle Earth Elementalist)      Turns: 1380, Time: 00:05:59

Health: 0/24       AC:  6    Str: 12    XL:     4   Next: 7%
Magic:  3/8        EV: 12    Int: 16    God:
Gold:   109        SH:  0    Dex: 10    Spells: 5/9 levels left

rFire    . . .     SeeInvis .   l - +0 dagger (drain)
rCold    . . .     Gourm    .   (no shield)
rNeg     + . .     Faith    .   c - +0 robe
rPois    ∞         Spirit   .   j - +0 helmet
rElec    +         Reflect  .   (no cloak)
rCorr    .         Harm     .   (no gloves)
MR       .....                  (no boots)
Stlth    ++........             (no amulet)
HPRegen  0.08/turn              (no ring)
MPRegen  0.11/turn              (no ring)

@: no status effects
A: negative energy resistance 1, electricity resistance, unbreathing,
petrification resistance, rot immunity, AC +3
a: no special abilities


You were on level 3 of the Dungeon.
You were not hungry.

You visited 1 branch of the dungeon, and saw 3 of its levels.

You collected 109 gold pieces.

Inventory:

Hand Weapons
 l - a +0 dagger of draining (weapon)
 q - a cursed -1 dagger
 r - a +0 short sword
 s - a +0 dagger
 t - a +0 dagger
Missiles
 b - 24 stones (quivered)
Armour
 c - a +0 robe (worn)
 j - a +0 helmet (worn)
Scrolls
 a - a scroll of remove curse {unknown}
 h - a scroll of random uselessness {unknown}
 k - a scroll of amnesia {unknown}
 m - a scroll of teleportation {unknown}
 o - 2 scrolls of noise {unknown}
 p - a scroll of blinking {unknown}
 u - a scroll of fog {unknown}
Potions
 f - a potion of heal wounds {unknown}
 i - a potion of curing {unknown}
 n - a potion of agility {unknown}
Books
 e - a book of Geomancy

   Spells                             Type                      Level
   a - Sandblast                      Earth                        1
   b - Passwall                       Transmutation/Earth          2
   c - Stone Arrow                    Conjuration/Earth            3
   d - Petrify                        Transmutation/Earth          4
   e - Lee's Rapid Deconstruction     Earth                        5
Comestibles
 d - a ration
 g - 3 chunks of flesh


   Skills:
 - Level 1.5 Dodging
 - Level 2.1 Stealth
 + Level 3.0 Spellcasting
 * Level 0.8 Conjurations
   Level 0.7 Transmutations
 + Level 4.7 Earth Magic


You had 5 spell levels left.
You knew the following spells:

 Your Spells              Type           Power        Failure   Level  Hunger
a - Sandblast             Erth           ###...       2%          1    #......
b - Stone Arrow           Conj/Erth      ##....       17%         3    ###....


Dungeon Overview and Level Annotations

Branches:
Dungeon (3/15)

Altars:

Annotations:
D:3 bmj180's ghost, amateur MfFi


Innate Abilities, Weirdness & Mutations

You are resistant to torment.
Your stone body is resilient. (AC +3)
You are immune to poison.
You resist negative energy. (rN+)
You are resistant to electric shocks. (rElec)
You can survive without breathing.
You are immune to petrification.
You are immune to rotting.


Message History

Bmj180's ghost hits you!
Casting: Sandblast
Confirm with . or Enter, or press ? or * to list all spells.
Aiming: Sandblast
Press: ? - help, Shift-Dir - straight line, f/p - bmj180's ghost
Aim: bmj180's ghost The blast of sand hits bmj180's ghost.
b - 24 stones Bmj180's ghost hits you.
* * * LOW HITPOINT WARNING * * *
Casting: Sandblast
Confirm with . or Enter, or press ? or * to list all spells.
Aiming: Stone Arrow
Press: ? - help, Shift-Dir - straight line, f/p - bmj180's ghost
Aim: bmj180's ghost The stone arrow misses bmj180's ghost.
Bmj180's ghost hits you but does no damage.
You hit bmj180's ghost but do no damage.
Bmj180's ghost hits you.
You die...

...........#.....#....#....
..........###.........#....
gb.........#....#.#..###...
###.#...#..##..#.#........
#.#...#.###.......###... .#
#.#...#.# ####.#### ####
.b# #.#...#.# .# ..
#.#†..#.# # #.#....wW@#
#..)$..#### #######
#..#....$.# .......
....<#.####.# #######
#.......# # #........
.>....>#.# .#.##..... ..
...#..


You could see a worm and bmj180's ghost.

Vanquished Creatures
  A worm (D:2)
  A dart slug (D:1)
  A leopard gecko (D:1)
  6 bats
  A giant cockroach (D:2)
  14 goblins
  8 hobgoblins
  2 jackals (D:1)
  5 frilled lizards
  5 kobolds
  6 rats
50 creatures vanquished.

Notes
Turn   | Place    | Note
-------+----------+-------------------------------------------
     0 | D:1      | Mirai the Gargoyle Earth Elementalist began the quest for the Orb.
     0 | D:1      | Reached XP level 1. HP: 10/10 MP: 3/3
    45 | D:1      | Reached skill level 4 in Earth Magic
   113 | D:1      | Reached XP level 2. HP: 11/15 MP: 3/5
   274 | D:1      | Reached XP level 3. HP: 11/19 MP: 3/6
   621 | D:2      | Learned a level 3 spell: Stone Arrow
  1323 | D:3      | Reached XP level 4. HP: 20/24 MP: 5/8
  1362 | D:3      | Noticed bmj180's ghost (amateur MfFi)
  1380 | D:3      | Slain by bmj180's ghost

Skill      XL: |  1  2  3 |
---------------+----------+-----
Earth Magic    | 4 |  4.7
Spellcasting   | 3 |  3.0
Dodging        | |  1.5
Stealth        | |  2.1
Conjurations   | |  0.8
Transmutations | |  0.7

Action                   |  1- 3 |  4- 6 || total
-------------------------+-------+-------++-------
Melee: Unarmed           |     6 |       ||     6
       Short sword       |     1 |       ||     1
       Dagger            |    83 |     7 ||    90
 Cast: Sandblast         |    25 |     3 ||    28
       Stone Arrow       |       |     1 ||     1
 Stab: Sleeping          |     3 |     1 ||     4
       Distracted        |     1 |       ||     1
  Eat: Chunk             |     2 |       ||     2
Armor: Robe              |    44 |     4 ||    48
Dodge: Dodged            |    58 |     1 ||    59
